 Dungeon Crawl Stone Soup version 0.21-a0-509-gecc5317 (webtiles) character file.

772 BIGCUM the Shield-Bearer (level 7, -6/43 HPs)
             Began as a Gargoyle Fighter on Nov 30, 2017.
             Engulfed by a cloud of flame (26 damage)
             ... on level 5 of the Dungeon.
             The game lasted 00:33:44 (5436 turns).

BIGCUM the Shield-Bearer (Gargoyle Fighter)         Turns: 5436, Time: 00:33:44

Health: -6/43      AC: 15    Str: 21    XL:     7   Next: 83%
Magic:  7/7        EV:  8    Int:  9    God:
Gold:   263        SH: 15    Dex:  9    Spells: 6/6 levels left

rFire    . . .     SeeInvis +   a - +0 trident
rCold    . . .     Gourm    .   I - +0 large shield
rNeg     + . .     Faith    .   K - +0 ring mail
rPois    ∞         Spirit   .   (no helmet)
rElec    +         Reflect  .   j - +2 cloak
rCorr    .         Harm     .   D - +0 pair of gloves
MR       .....                  (no boots)
Stlth    +.........             (no amulet)
HPRegen  0.14/turn              i - ring of see invisible
MPRegen  0.10/turn              (no ring)

@: no status effects
A: negative energy resistance 1, electricity resistance, unbreathing,
petrification resistance, rot immunity, AC +4
a: no special abilities


You were on level 5 of the Dungeon.
You were not hungry.

You visited 1 branch of the dungeon, and saw 5 of its levels.

You collected 263 gold pieces.

Inventory:

Hand Weapons
 a - a +0 trident (weapon)
 f - a +2 hand axe of electrocution
 k - a +2 whip of holy wrath
 q - a +0 spear
Missiles
 o - 2 needles of confusion
 p - 15 arrows
 r - 2 poisoned tomahawks (quivered)
 u - 49 sling bullets
 x - 57 stones
Armour
 j - a +2 cloak (worn)
 w - a scarf of spirit shield
 D - a +0 pair of gloves (worn)
 E - a +0 chain mail
 I - a +0 large shield (worn)
 K - a +0 ring mail (worn)
Jewellery
 h - an uncursed ring of ice {unknown}
 i - a ring of see invisible (left hand)
Scrolls
 e - a scroll of teleportation
 t - 2 scrolls of identify
 y - 2 scrolls of immolation
Potions
 c - a potion of cancellation {unknown}
 d - a potion of might
 m - 5 potions of curing {unknown}
 s - 2 potions of degeneration {unknown}
 A - 2 potions of flight {unknown}
 B - a potion of resistance
 G - a potion of mutation {unknown}
Comestibles
 b - a bread ration
 g - a meat ration
 z - 2 royal jellies


   Skills:
 + Level 4.0 Fighting
 + Level 4.2 Polearms
 + Level 4.6 Armour
 + Level 2.8 Dodging
 + Level 0.7 Stealth
 + Level 6.2 Shields


You had 6 spell levels left.
You didn't know any spells.

Dungeon Overview and Level Annotations

Branches:
Dungeon (5/15)
 Temple: D:4-7

Altars:
Hepliaklqana
Sif Muna
Trog


Innate Abilities, Weirdness & Mutations

You are resistant to torment.
Your stone body is resilient. (AC +4)
You are immune to poison.
You resist negative energy. (rN+)
You are resistant to electric shocks. (rElec)
You can survive without breathing.
You are immune to petrification.
You are immune to rotting.


Message History

The quasit is severely wounded.
You block the quasit's attack.
The quasit claws you but does no damage. x2
The quasit bites you but does no damage.
You block the quasit's attack. x2
Your shield prevents you from hitting the quasit.
The quasit is severely wounded.
The quasit bites you but does no damage.
You block the quasit's attack.
The quasit claws you but does no damage.
You block the quasit's attack. The quasit misses you.
The quasit claws you but does no damage.
You puncture the quasit!
The quasit explodes!
The fiery explosion engulfs the adder.
The adder explodes!
The fiery explosion engulfs you!
You are engulfed in blazing flames.
You are engulfed in blazing flames.
Ouch! That really hurt!
You die...

#############
#...........#
###.#####.#########.#
.....§§@§.># #.#
#.#.#####.## #.# #.#
#.# #.# #.# #.# #.#
#.# #.# #<# #.#
#############.##
...............#


There were no monsters in sight!

Vanquished Creatures
  The ghost of BingusPrime the Ruffian, an amateur DrTm (D:4)
  An ogre (D:5)
  A scorpion (D:4)
  A howler monkey (D:4)
  A crimson imp (D:3)
  A quasit (D:5)
  4 orc wizards
  Jessica (D:3)
  An iguana (D:4)
  A worker ant (D:4)
  4 adders
  2 oozes
  A worm (D:3)
  4 dart slugs
  A leopard gecko (D:1)
  15 orcs
  A ball python (D:2)
  11 bats
  6 giant cockroaches
  11 hobgoblins
  7 jackals (D:1)
  6 frilled lizards
  5 goblins
  5 kobolds
  6 rats
98 creatures vanquished.

Notes
Turn   | Place    | Note
-------+----------+-------------------------------------------
     0 | D:1      | BIGCUM the Gargoyle Fighter began the quest for the Orb.
     0 | D:1      | Reached XP level 1. HP: 14/14 MP: 1/1
   177 | D:1      | Reached XP level 2. HP: 16/19 MP: 2/2
   535 | D:1      | Reached XP level 3. HP: 21/23 MP: 3/3
  1648 | D:2      | Paralysed by fainting for 9 turns
  1701 | D:2      | Reached skill level 4 in Shields
  1793 | D:2      | Found a hazy altar of Hepliaklqana.
  2127 | D:3      | Reached XP level 4. HP: 25/28 MP: 4/4
  2289 | D:3      | Reached skill level 1 in Dodging
  2318 | D:3      | Reached XP level 5. HP: 25/33 MP: 5/5
  2580 | D:3      | Noticed Jessica
  2598 | D:3      | Killed Jessica
  3896 | D:4      | Reached XP level 6. HP: 22/38 MP: 6/6
  3948 | D:4      | Reached skill level 5 in Shields
  3955 | D:4      | Noticed BingusPrime's ghost (amateur DrTm)
  4013 | D:4      | Killed BingusPrime's ghost
  4013 | D:4      | Reached XP level 7. HP: 19/43 MP: 7/7
  4246 | D:4      | Found a bloodstained altar of Trog.
  4488 | D:4      | Reached skill level 6 in Shields
  4549 | D:4      | Found a deep blue altar of Sif Muna.
  4938 | D:5      | Entered Level 5 of the Dungeon
  5436 | D:5      | Engulfed by a cloud of flame

Vault maps used:
D:1:      eino_arrival_water_cross
D:2:      lemuel_doored_altar, minivault_23, minivault_19
D:3:      kennysheep_six_static_rooms, uniq_jessica
D:4:      lemuel_coloured_pillars_altar, lemuel_blue_sif_altar, first_bread,
          kennysheep_generic_room_15
D:5:      serial_shops, shop, uniq_blork_the_orc

Skill      XL: |  1  2  3  4  5  6  7 |
---------------+----------------------+-----
Polearms       | 2 3 4 |  4.2
Shields        | 4 5 6 |  6.2
Dodging        | 1 2 |  2.8
Armour         | 4 |  4.6
Fighting       | 4 |  4.0
Stealth        | |  0.7

Action                   |  1- 3 |  4- 6 |  7- 9 || total
-------------------------+-------+-------+-------++-------
Melee: Trident           |   197 |   251 |   111 ||   559
  Use: Potion            |       |     1 |       ||     1
       Scroll            |       |     6 |     3 ||     9
  Eat: Bread ration      |     1 |     1 |     1 ||     3
       Chunk             |       |     2 |       ||     2
Armor: Scale mail        |   161 |       |       ||   161
       Chain mail        |    22 |   105 |       ||   127
       Ring mail         |       |   103 |    78 ||   181
Dodge: Dodged            |    99 |    83 |    36 ||   218
Block: Shield            |   173 |    91 |       ||   264
       Large shield      |       |   176 |   123 ||   299

Table legend:
 A = Spawn XP
 B = Non-spawn XP
 C = Spawn XP percentage of total XP
 D = Spawn monster count
 E = Non-spawn monster count
 F = Spawn count percentage of total count
 G = Total turns spent on level
                    A         B        C        D         E        F      G
               +---------+---------+-------+---------+---------+-------+---------
         Total |       0 |    1103 |   0.0 |       0 |      98 |   0.0 |  5436
               +---------+---------+-------+---------+---------+-------+---------
           D:1 |       0 |      53 |   0.0 |       0 |      27 |   0.0 |  1132
           D:2 |       0 |      26 |   0.0 |       0 |       9 |   0.0 |  1395
           D:3 |       0 |     216 |   0.0 |       0 |      39 |   0.0 |  1143
           D:4 |       0 |     628 |   0.0 |       0 |      18 |   0.0 |  1268
           D:5 |       0 |     180 |   0.0 |       0 |       5 |   0.0 |   498
               +---------+---------+-------+---------+---------+-------+---------
